 Dungeon Crawl Stone Soup version 0.22-a0-612-gd2f0174 (webtiles) character file.

32 Amnesiac the Magician (level 3, 0/26 HPs)
             Began as a Mummy Wizard on July 12, 2018.
             Slain by a kobold
             ... wielding a +2 dagger of flaming
              (1 damage)
             ... on level 2 of the Dungeon.
             The game lasted 00:02:33 (1293 turns).

Amnesiac the Magician (Mummy Wizard)                Turns: 1293, Time: 00:02:33

Health: 0/26       AC:  2    Str: 10    XL:     3   Next: 10%
Magic:  1/8        EV: 12    Int: 18    God:
Gold:   107        SH:  0    Dex: 10    Spells: 1/10 levels left

rFire    x . .     SeeInvis .   (no weapon)
rCold    + . .     Gourm    .   (no shield)
rNeg     + + +     Faith    .   a - +0 robe
rPois    ∞         Spirit   .   (no helmet)
rElec    .         Reflect  .   (no cloak)
rCorr    .         Harm     .   (no gloves)
MR       .....                  (no boots)
Stlth    ++........             (no amulet)
HPRegen  0.08/turn              (no ring)
MPRegen  0.11/turn              (no ring)

@: very slightly contaminated
A: no food or potions, fire vulnerability, cold resistance 1, negative energy
resistance 3, torment resistance, unbreathing
a: no special abilities


You were on level 2 of the Dungeon.
You were not hungry.

You visited 1 branch of the dungeon, and saw 2 of its levels.

You collected 107 gold pieces.

Inventory:

Armour
 a - a +0 robe (worn)
Jewellery
 g - a +3 ring of strength {unknown}
Scrolls
 b - 6 scrolls of identify {!r, unknown}
 c - a scroll of blinking {!r, unknown}
 d - a scroll of teleportation {!r, unknown}
 e - a scroll of random uselessness {!r, unknown}
 f - a scroll of amnesia {!r, unknown}


   Skills:
 + Level 1.3 Fighting
 - Level 1.5 Dodging
 - Level 1.5 Stealth
 - Level 4.0 Spellcasting
 * Level 2.1 Conjurations
 - Level 0.7 Summonings
   Level 0.7 Translocations


You had one spell level left.
You knew the following spells:

 Your Spells              Type           Power        Failure   Level  Hunger
a - Magic Dart            Conj           ##..         6%          1    N/A
b - Call Imp              Summ           #.......     17%         2    N/A
e - Mephitic Cloud        Conj/Pois/Air  #.......     32%         3    N/A
s - Conjure Flame         Conj/Fire      #.......     28%         3    N/A

Your spell library contained the following spells:

 Spells                   Type           Power        Failure   Level  Hunger
 Slow                     Hex            #.......     22%         2    N/A
 Blink                    Tloc           N/A          17%         2    N/A

Dungeon Overview and Level Annotations

Branches:
Dungeon (2/15)

Altars:


Innate Abilities, Weirdness & Mutations

You do not eat or drink.
Your flesh is vulnerable to fire.
You are immune to poison.
Your flesh is cold resistant. (rC+)
You are immune to negative energy. (rN+++)
You are immune to unholy pain and torment.
You can survive without breathing.


Message History

Things that are here:
a club; 2 stones The gnoll is too close now for your liking.
A gnoll is nearby!
Casting: Magic Dart (safe; 6% risk of failure)
Confirm with . or Enter, or press ? or * to list all spells.
Aiming: Magic Dart (safe; 6% risk of failure)
Press: ? - help, Shift-Dir - straight line, f - gnoll
Aim: a gnoll, wielding a spear (hasn't noticed you)
The magic dart hits the gnoll.
The gnoll shouts!
You hear a shout!
Casting: Magic Dart (safe; 6% risk of failure)
Confirm with . or Enter, or press ? or * to list all spells.
Aiming: Magic Dart (safe; 6% risk of failure)
Press: ? - help, Shift-Dir - straight line, f/p - gnoll
Aim: a gnoll, wielding a spear The magic dart hits the gnoll.
The gnoll is lightly wounded.
Casting: Magic Dart (safe; 6% risk of failure)
Confirm with . or Enter, or press ? or * to list all spells.
You miscast Call Imp.
You are very lightly contaminated with residual magic.
The world appears momentarily distorted.
Casting: Call Imp (safe; 17% risk of failure)
Confirm with . or Enter, or press ? or * to list all spells.
A beastly little devil appears in a puff of flame.
The gnoll hits your crimson imp with a spear.
The gnoll completely misses your crimson imp.
Your crimson imp blinks!
Casting: Call Imp (safe; 17% risk of failure)
Confirm with . or Enter, or press ? or * to list all spells.
You miscast Call Imp.
Shadowy shapes form in the air around you, then vanish.
Things that are here:
a club; a goblin skeleton
Casting: Call Imp (safe; 17% risk of failure)
Confirm with . or Enter, or press ? or * to list all spells.
Aiming: Magic Dart (safe; 6% risk of failure)
Press: ? - help, Shift-Dir - straight line, f/p - gnoll
Aim: a gnoll, wielding a spear (heavily wounded)
The magic dart hits the gnoll.
The gnoll is severely wounded.
Unknown command.
The gnoll hits you from afar with a spear!
The kobold hits you with a dagger of flaming.
* * * LOW HITPOINT WARNING * * *
The kobold burns you.
* * * LOW HITPOINT WARNING * * *
The gnoll hits your crimson imp with a spear.
Your crimson imp blinks!
The kobold hits you with a dagger of flaming.
* * * LOW HITPOINT WARNING * * *
The kobold burns you.
* * * LOW HITPOINT WARNING * * *
Press: ? - help, v - describe, . - travel, g - get item
Here: a kobold, wielding a dagger of flaming A club.
There is something else lying underneath.
The floor.
Unknown command.
The kobold hits you with a dagger of flaming.
* * * LOW HITPOINT WARNING * * *
The kobold burns you.
You die...

###...................##
#......................#
..)....................#
###....................#
# #...................<#
###.#K.................#
#....###.#............##
#....###..#..........##
..........÷..###@#####
###.#####.....gK.# #..#
#####.)..# #.## ##.....#
##.########..###.#
............####.#
##.########## #..# ##.#
#.## ...# #.#


You could see a gnoll and a kobold.

Vanquished Creatures
  A dart slug (D:1)
  A leopard gecko (D:1)
  2 bats
  2 giant cockroaches (D:1)
  3 hobgoblins (D:1)
  4 frilled lizards
  2 goblins
  3 kobolds
  2 rats
20 creatures vanquished.

Vanquished Creatures (collateral kills)
  2 gnolls (D:2)
2 creatures vanquished.

Grand Total: 22 creatures vanquished

Notes
Turn   | Place    | Note
-------+----------+-------------------------------------------
     0 | D:1      | Amnesiac the Mummy Wizard began the quest for the Orb.
     0 | D:1      | Reached XP level 1. HP: 13/13 MP: 5/5
    10 | D:1      | Reached skill level 1 in Conjurations
   282 | D:1      | Reached XP level 2. HP: 20/20 MP: 4/7
   294 | D:1      | Learned a level 2 spell: Call Imp
   505 | D:1      | Reached skill level 1 in Fighting
  1205 | D:2      | Reached XP level 3. HP: 26/26 MP: 3/8
  1220 | D:2      | Learned a level 3 spell: Conjure Flame
  1224 | D:2      | Learned a level 3 spell: Mephitic Cloud
  1293 | D:2      | HP: 1/26 [kobold/dagger of flaming (3)]
  1293 | D:2      | Slain by a kobold

Vault maps used:
D:1:      dpeg_arrival_renting
D:2:      minmay_octomino_j4

Skill      XL: |  1  2 |
---------------+-------+-----
Conjurations   | 1 2 |  2.1
Fighting       | 1 |  1.3
Dodging        | |  1.5
Stealth        | |  1.5
Spellcasting   | |  4.0
Summonings     | |  0.7
Translocations | |  0.7

Action                   || total
-------------------------++-------
Melee: Unarmed           ||    10
 Cast: Magic Dart        ||    64
       Call Imp          ||     5
Armor: Robe              ||     3
Dodge: Dodged            ||    20

Table legend:
 A = Spawn XP
 B = Non-spawn XP
 C = Spawn XP percentage of total XP
 D = Spawn monster count
 E = Non-spawn monster count
 F = Spawn count percentage of total count
 G = Total turns spent on level
                    A         B        C        D         E        F      G
               +---------+---------+-------+---------+---------+-------+---------
         Total |       0 |      47 |   0.0 |       0 |      22 |   0.0 |  1293
               +---------+---------+-------+---------+---------+-------+---------
           D:1 |       0 |      26 |   0.0 |       0 |      14 |   0.0 |   939
           D:2 |       0 |      21 |   0.0 |       0 |       8 |   0.0 |   354
               +---------+---------+-------+---------+---------+-------+---------
